PAAA
SALT LAKE CITY BUZZ @ NAPERVILLE BATTLEKINGS
09/03/2021
 
TOP OF THE 1ST
Salt Lake City Buzz batting - Pitching for Naperville Battlekings : LHP Jim Unknown
Pitching: LHP Jim Unknown
Batting: RHB Don MacNeilage 0-0: Called Strike
0-1: Ball
1-1: Called Strike
1-2: Fly out, F7 (Popup, 78S)
Batting: RHB Ichiyo Fujii 0-0: Ball
1-0: Foul Ball, location: 2F
1-1: Swinging Strike
1-2: Ball
2-2: Strikes out swinging
Batting: SHB Raymond Bright 0-0: Called Strike
0-1: Called Strike
0-2: Ball
1-2: SOLO HOME RUN (Flyball, 78XD), Distance : 420 ft
Batting: SHB Wayne Saunders 0-0: Swinging Strike
0-1: Swinging Strike
0-2: Strikes out looking
Top of the 1st over - 1 run(s), 1 hit(s), 0 error(s), 0 left on base; Salt Lake City 1 - Naperville 0
BOTTOM OF THE 1ST
Naperville Battlekings batting - Pitching for Salt Lake City Buzz : LHP Dalton García
Pitching: LHP Dalton García
Batting: LHB Michael Greene 0-0: Ball
1-0: Ball
2-0: Called Strike
2-1: Foul Ball, location: 2F
2-2: Ball
3-2: Fly out, F9 (Flyball, 9D)
Batting: RHB Tim Little 0-0: Called Strike
0-1: Called Strike
0-2: Strikes out swinging
Batting: LHB Cristo Ramírez 0-0: Fly out, F8 (Flyball, 78M)
Bottom of the 1st over - 0 run(s), 0 hit(s), 0 error(s), 0 left on base; Salt Lake City 1 - Naperville 0
TOP OF THE 2ND
Salt Lake City Buzz batting - Pitching for Naperville Battlekings : LHP Jim Unknown
Batting: LHB Martín Núñes 0-0: Ball
1-0: Ball
2-0: Ball
3-0: Called Strike
3-1: Foul Ball, location: 2F
3-2: Foul Ball, location: 2F
3-2: Base on Balls
Batting: RHB Ugo Brandini 0-0: Ball
1-0: Ball
2-0: Called Strike
2-1: Foul Ball, location: 2F
2-2: Ball
3-2: Foul Ball, location: 2F
3-2: SINGLE (Groundball, 4D)
Martín Núñes to second
Runner from 2nd tries for 3rd, SAFE, throw made to third
Batting: SHB Shelby Reusch 0-0: Ball
1-0: Ball
2-0: Grounds into double play, 4-6-3 (Groundball, 4)
Martín Núñes scores
Batting: RHB Roger Osborne 0-0: Called Strike
0-1: Called Strike
0-2: Strikes out swinging
Top of the 2nd over - 1 run(s), 1 hit(s), 0 error(s), 0 left on base; Salt Lake City 2 - Naperville 0
BOTTOM OF THE 2ND
Naperville Battlekings batting - Pitching for Salt Lake City Buzz : LHP Dalton García
Batting: RHB Joe Ferneyhough 0-0: Ball
1-0: Foul Ball, location: 2F
Reached via error on a dropped throw, E3
Batting: LHB Eddie Flynn 0-0: Ball
1-0: Ball
2-0: Ball
3-0: Called Strike
3-1: Called Strike
3-2: Ground out 4-3 (Groundball, 4S)
Joe Ferneyhough to second
Batting: RHB Tony Sánchez 0-0: Ground out 6-3 (Groundball, 6M)
Joe Ferneyhough to third
Batting: SHB Avery Little 0-0: Ball
1-0: Swinging Strike
1-1: Ground out 5-3 (Groundball, 15S)
Bottom of the 2nd over - 0 run(s), 0 hit(s), 1 error(s), 1 left on base; Salt Lake City 2 - Naperville 0
TOP OF THE 3RD
Salt Lake City Buzz batting - Pitching for Naperville Battlekings : LHP Jim Unknown
Batting: LHB George Huffman 0-0: Ball
1-0: SINGLE (Line Drive, 56)
Batting: RHB Don MacNeilage 0-0: Ball
1-0: Swinging Strike
1-1: Foul Ball, location: 2F
1-2: Foul Ball, location: 2F
1-2: Ball
2-2: SINGLE (Line Drive, 78S)
George Huffman to second
Batting: RHB Ichiyo Fujii 0-0: Swinging Strike
0-1: Ball
1-1: Ground out 5-3 (Groundball, 5S)
George Huffman to third
Don MacNeilage to second
Batting: SHB Raymond Bright 0-0: SINGLE (Line Drive, 4D)
George Huffman scores
Don MacNeilage to third
Runner from 3rd tries for Home, SAFE, throw made home
Batting: SHB Wayne Saunders 0-0: Called Strike
0-1: Fly out, F8 (Line Drive, 8LM)
Batting: LHB Martín Núñes 0-0: Called Strike
0-1: Swinging Strike
0-2: Foul Ball, location: 2F
0-2: Strikes out swinging
Top of the 3rd over - 2 run(s), 3 hit(s), 0 error(s), 1 left on base; Salt Lake City 4 - Naperville 0
BOTTOM OF THE 3RD
Naperville Battlekings batting - Pitching for Salt Lake City Buzz : LHP Dalton García
Batting: LHB Vicente Martínez 0-0: Called Strike
0-1: SINGLE (Groundball, 56D)
Batting: RHB Marcus Wade 0-0: SINGLE (Line Drive, 4D)
Vicente Martínez to second
Batting: LHB Michael Greene 0-0: Fielders Choice at 2nd, 3-6 (Groundball, 3)
Vicente Martínez to third
Batting: RHB Tim Little 0-0: Ball
1-0: Called Strike
1-1: Ball
2-1: Ball
3-1: Called Strike
3-2: 3-RUN HOME RUN (Flyball, 7LD), Distance : 348 ft
Batting: LHB Cristo Ramírez 0-0: Ball
1-0: Ball
2-0: Ball
3-0: Base on Balls
Batting: RHB Joe Ferneyhough 0-0: Fly out, F8 (Flyball, 8RD)
Batting: LHB Eddie Flynn 0-0: Ball
1-0: Called Strike
1-1: Ball
2-1: Ball
3-1: Foul Ball, location: 2F
3-2: Strikes out swinging
Bottom of the 3rd over - 3 run(s), 3 hit(s), 0 error(s), 1 left on base; Salt Lake City 4 - Naperville 3
TOP OF THE 4TH
Salt Lake City Buzz batting - Pitching for Naperville Battlekings : LHP Jim Unknown
Batting: RHB Ugo Brandini 0-0: Fly out, F8 (Flyball, 78D)
Batting: SHB Shelby Reusch 0-0: Called Strike
0-1: Foul Ball, location: 2F
0-2: Fly out, F9 (Flyball, 9M)
Batting: RHB Roger Osborne 0-0: Called Strike
0-1: Fly out, F9 (Flyball, 8RM)
Top of the 4th over - 0 run(s), 0 hit(s), 0 error(s), 0 left on base; Salt Lake City 4 - Naperville 3
BOTTOM OF THE 4TH
Naperville Battlekings batting - Pitching for Salt Lake City Buzz : LHP Dalton García
Batting: RHB Tony Sánchez 0-0: SOLO HOME RUN (Line Drive, 78XD), Distance : 424 ft
Batting: SHB Avery Little 0-0: Ground out 5-3 (Groundball, 5L)
Batting: LHB Vicente Martínez 0-0: Ball
1-0: Ball
2-0: Ground out 4-3 (Groundball, 34)
Batting: RHB Marcus Wade 0-0: Ball
1-0: Fly out, F4 (Popup, 4M)
Bottom of the 4th over - 1 run(s), 1 hit(s), 0 error(s), 0 left on base; Salt Lake City 4 - Naperville 4
TOP OF THE 5TH
Salt Lake City Buzz batting - Pitching for Naperville Battlekings : LHP Jim Unknown
Batting: LHB George Huffman 0-0: SINGLE (Line Drive, 8LS)
Batting: RHB Don MacNeilage 0-0: Ball
1-0: Grounds into double play, 5-4-3 (Groundball, 56)
Batting: RHB Ichiyo Fujii 0-0: Ball
1-0: Called Strike
1-1: Ball
2-1: Bunt missed!
2-2: Ground out 5-3 (Groundball, 56)
Top of the 5th over - 0 run(s), 1 hit(s), 0 error(s), 0 left on base; Salt Lake City 4 - Naperville 4
BOTTOM OF THE 5TH
Naperville Battlekings batting - Pitching for Salt Lake City Buzz : LHP Dalton García
Batting: LHB Michael Greene 0-0: Ball
1-0: Called Strike
1-1: Swinging Strike
1-2: Ball
2-2: Fly out, F5 (Popup, 25)
Batting: RHB Tim Little 0-0: Ball
1-0: Foul Ball, location: 2F
1-1: Ball
2-1: SINGLE (Line Drive, 89S)
Batting: LHB Cristo Ramírez 0-0: Called Strike
0-1: Ball
1-1: Foul Ball, location: 2F
1-2: Fly out, F7 (Flyball, 78XD)
Batting: RHB Joe Ferneyhough 0-0: Ball
1-0: Ball
2-0: Called Strike
2-1: Foul Ball, location: 2F
2-2: Ball
3-2: Strikes out swinging
Bottom of the 5th over - 0 run(s), 1 hit(s), 0 error(s), 1 left on base; Salt Lake City 4 - Naperville 4
TOP OF THE 6TH
Salt Lake City Buzz batting - Pitching for Naperville Battlekings : LHP Jim Unknown
Batting: SHB Raymond Bright 0-0: Called Strike
0-1: Swinging Strike
0-2: Ball
1-2: Ball
2-2: Foul Ball, location: 2F
2-2: Ball
3-2: Base on Balls
Batting: SHB Wayne Saunders 0-0: SINGLE (Groundball, 56D)
Raymond Bright to second
Batting: LHB Martín Núñes 0-0: Ball
1-0: Foul Ball, location: 2F
1-1: Foul Ball, location: 2F
1-2: Ball
2-2: Strikes out swinging
Batting: RHB Ugo Brandini 0-0: Ball
1-0: Called Strike
1-1: Ball
2-1: Grounds into double play, 4-6-3 (Groundball, 34)
Top of the 6th over - 0 run(s), 1 hit(s), 0 error(s), 1 left on base; Salt Lake City 4 - Naperville 4
BOTTOM OF THE 6TH
Naperville Battlekings batting - Pitching for Salt Lake City Buzz : LHP Dalton García
Batting: LHB Eddie Flynn 0-0: Swinging Strike
0-1: Ball
1-1: Foul Ball, location: 2F
1-2: Ball
2-2: Ball
3-2: Strikes out looking
Batting: RHB Tony Sánchez 0-0: Swinging Strike
0-1: Ball
1-1: Foul Ball, location: 2F
1-2: Fly out, F8 (Flyball, 8LXD)
Batting: SHB Avery Little 0-0: Ball
1-0: Ball
2-0: Ball
3-0: Base on Balls
Batting: LHB Vicente Martínez 0-0: Ball
1-0: Fly out, F7 (Flyball, 7M)
Bottom of the 6th over - 0 run(s), 0 hit(s), 0 error(s), 1 left on base; Salt Lake City 4 - Naperville 4
TOP OF THE 7TH
Salt Lake City Buzz batting - Pitching for Naperville Battlekings : LHP Jim Unknown
Batting: SHB Shelby Reusch 0-0: Called Strike
0-1: Ball
1-1: Called Strike
1-2: Foul Ball, location: 2F
1-2: Ball
2-2: Ball
3-2: Base on Balls
Batting: RHB Roger Osborne 0-0: Called Strike
0-1: Foul Ball, location: 2F
0-2: Foul Ball, location: 2F
0-2: Ball
1-2: SINGLE (Groundball, 4MD)
Shelby Reusch to second
Runner from 2nd tries for 3rd, SAFE, throw made to third
Batting: LHB George Huffman 0-0: Ball
1-0: Foul Ball, location: 2F
1-1: Ball
2-1: Fly out, F9 (Flyball, 89M)
Runner from 3rd tags up, SCORES, no throw
Batting: RHB Don MacNeilage 0-0: Grounds into double play, 6-4-3 (Groundball, 6)
Top of the 7th over - 1 run(s), 1 hit(s), 0 error(s), 0 left on base; Salt Lake City 5 - Naperville 4
BOTTOM OF THE 7TH
Naperville Battlekings batting - Pitching for Salt Lake City Buzz : LHP Dalton García
Batting: RHB Marcus Wade 0-0: Called Strike
0-1: Fly out, F9 (Flyball, 9LMF)
Batting: LHB Michael Greene 0-0: Foul Ball, location: 2F
0-1: Ball
1-1: Foul Ball, location: 2F
1-2: Ball
2-2: Foul Ball, location: 2F
2-2: Foul Ball, location: 2F
2-2: SINGLE (Groundball, 3D)
Pinch Hitting: RHB Oliver Aranda 0-0: Fly out, F9 (Flyball, 9LM)
Batting: LHB Cristo Ramírez 0-0: Ball
1-0: Swinging Strike
1-1: Fly out, F5 (Popup, 25)
Bottom of the 7th over - 0 run(s), 1 hit(s), 0 error(s), 1 left on base; Salt Lake City 5 - Naperville 4
TOP OF THE 8TH
Salt Lake City Buzz batting - Pitching for Naperville Battlekings : LHP Jim Unknown
Now in RF: Oliver Aranda
Batting: RHB Ichiyo Fujii 0-0: Called Strike
0-1: Called Strike
0-2: SINGLE (Flyball, 9S)
Batting: SHB Raymond Bright 0-0: Called Strike
0-1: Ball
1-1: Called Strike
1-2: Ball
2-2: Fielders Choice at 2nd, 5-4 (Groundball, 5D)
Batting: SHB Wayne Saunders 0-0: Called Strike
0-1: Ball
1-1: Foul Ball, location: 2F
1-2: Strikes out swinging
Batting: LHB Martín Núñes 0-0: Ball
1-0: Foul Ball, location: 2F
1-1: Called Strike
1-2: Strikes out looking
Top of the 8th over - 0 run(s), 1 hit(s), 0 error(s), 1 left on base; Salt Lake City 5 - Naperville 4
BOTTOM OF THE 8TH
Naperville Battlekings batting - Pitching for Salt Lake City Buzz : LHP Dalton García
Batting: RHB Joe Ferneyhough 0-0: Ball
1-0: Foul Ball, location: 2F
1-1: Foul Ball, location: 2F
1-2: Fly out, F3 (Popup, 3F)
Batting: LHB Eddie Flynn 0-0: Swinging Strike
0-1: Fly out, F8 (Flyball, 8LXD)
Batting: RHB Tony Sánchez 0-0: Called Strike
0-1: Ball
1-1: Foul Ball, location: 2F
1-2: Strikes out swinging
Bottom of the 8th over - 0 run(s), 0 hit(s), 0 error(s), 0 left on base; Salt Lake City 5 - Naperville 4
TOP OF THE 9TH
Salt Lake City Buzz batting - Pitching for Naperville Battlekings : LHP Jim Unknown
Pitching: RHP Guillermo García
Batting: RHB Ugo Brandini 0-0: Ball
1-0: Swinging Strike
1-1: Fly out, F9 (Flyball, 9S)
Batting: SHB Shelby Reusch 0-0: Swinging Strike
0-1: Ball
1-1: Ball
2-1: Foul Ball, location: 2F
2-2: Ground out 1-3 (Groundball, 15)
Batting: RHB Roger Osborne 0-0: Ball
1-0: Ball
2-0: Ball
3-0: Called Strike
3-1: Fly out, F8 (Flyball, 89D)
Top of the 9th over - 0 run(s), 0 hit(s), 0 error(s), 0 left on base; Salt Lake City 5 - Naperville 4
BOTTOM OF THE 9TH
Naperville Battlekings batting - Pitching for Salt Lake City Buzz : LHP Dalton García
Pitching: RHP Barry Jones
Now at C: Archie Green
Pinch Hitting: RHB Alfredo López 0-0: Swinging Strike
0-1: Ground out 1-3 (Groundball, 13S)
Batting: LHB Vicente Martínez 0-0: Ball
1-0: Foul Ball, location: 2F
1-1: Swinging Strike
1-2: Strikes out looking
Pinch Hitting: RHB Jim Unknown 0-0: Fly out, F4 (Popup, 4MS)
Bottom of the 9th over - 0 run(s), 0 hit(s), 0 error(s), 0 left on base; Salt Lake City 5 - Naperville 4
This league is powered by Out of the Park Baseball, the baseball management simulation game for PC, Mac and Linux
Friday, January 22nd, 2016 - OOTP Baseball 16.9 Build 39